General information
- name: BNet
- type: Ladder team game (AT/RT)
- host: Battle.net
- saver: ForgetHer
map: Friends
- players: 8
- length: 76:44
- speed: Fast
- version: 1.26 W3XP
- replay type: Public
» download(346 KB)
Players
team 1 (winner)
Kbilly (
purple | 41 APM | 3154 actions | 76:44)
9 Blademaster
2 Wind Walk
3 Mirror Image
3 Critical Strike
1 Bladestorm
9 Tauren Chieftain
3 Endurance Aura
3 War Stomp
2 Shockwave
1 Reincarnation
» actions
| Assign group hotkey | 66 | |
| Basic commands | 109 | |
| Build / train | 226 | |
| ESC pressed | 6 | |
| Enter build submenu | 97 | |
| Enter hero's abilities submenu | 18 | |
| Give item / drop item | 2 | |
| Remove unit from queue | 1 | |
| Right click | 555 | |
| Select / deselect | 996 | |
| Select group hotkey | 687 | |
| Use ability | 391 | |
3154 total
» units
| Peon | 95 | |
| Grunt | 10 | |
| Troll Batrider | 10 | |
| Goblin Shredder | 2 | |
| Troll Witch Doctor | 7 | |
| Goblin Zeppelin | 3 | |
| Shaman | 6 | |
| Spirit Walker | 1 | |
| Tauren | 11 | |
145 total
» upgrades
| Pillage | 1 | |
| Armor | 4 | |
| Melee Weapons | 3 | |
| Spiked Barricades | 4 | |
| Berserker Strength | 1 | |
| Ranged Weapons | 3 | |
| Witch Doctor Training | 2 | |
| Shaman Training | 2 | |
| Liquid Fire | 1 | |
| Troll Regeneration | 2 | |
| Reinforced Defenses | 1 | |
| Pulverize | 1 | |
| Ensnare | 1 | |
26 total
» buildings
| Altar of Storms | 2 | |
| Barracks | 2 | |
| Orc Burrow | 29 | |
| Voodoo Lounge | 3 | |
| War Mill | 4 | |
| Watch Tower | 31 | |
| Stronghold | 3 | |
| Spirit Lodge | 6 | |
| Fortress | 5 | |
| Great Hall | 11 | |
| Beastiary | 1 | |
| Tauren Totem | 4 | |
101 total
» build order
00:08 Altar of Storms
00:11 Barracks
00:22 Orc Burrow
01:40 Orc Burrow
02:14 Voodoo Lounge
03:34 War Mill
03:38 Orc Burrow
04:47 Watch Tower
05:30 Watch Tower
05:40 Orc Burrow
07:52 Orc Burrow
08:15 Stronghold
08:35 Orc Burrow
08:37 Orc Burrow
08:39 Orc Burrow
08:55 War Mill
09:18 Watch Tower
10:30 Watch Tower
10:48 Spirit Lodge
10:57 Fortress
12:08 Orc Burrow
12:14 Fortress
12:40 Great Hall
13:50 Orc Burrow
13:51 Orc Burrow
13:54 Beastiary
14:11 Fortress
14:42 Spirit Lodge
14:54 Watch Tower
15:49 Watch Tower
17:26 Voodoo Lounge
19:17 Tauren Totem
19:21 Tauren Totem
25:17 Orc Burrow
28:27 Barracks
29:29 Orc Burrow
31:07 Orc Burrow
31:15 Great Hall
31:19 Great Hall
31:31 Watch Tower
31:58 Watch Tower
32:11 Watch Tower
32:53 Watch Tower
33:21 Watch Tower
33:24 Watch Tower
33:53 Watch Tower
34:27 Watch Tower
36:07 Voodoo Lounge
36:11 Watch Tower
39:26 Watch Tower
42:53 Great Hall
45:53 Great Hall
49:38 Stronghold
49:40 Watch Tower
49:44 War Mill
49:47 Orc Burrow
50:31 Orc Burrow
50:51 Watch Tower
51:08 Watch Tower
51:16 Watch Tower
52:08 Watch Tower
52:09 Watch Tower
52:16 Altar of Storms
53:01 Spirit Lodge
53:05 Spirit Lodge
53:24 Fortress
53:35 Great Hall
54:26 Great Hall
54:45 Orc Burrow
54:47 Orc Burrow
54:48 Orc Burrow
54:50 Orc Burrow
54:52 Orc Burrow
55:04 Orc Burrow
55:44 War Mill
56:40 Great Hall
56:59 Stronghold
57:33 Watch Tower
57:37 Watch Tower
59:49 Watch Tower
59:50 Fortress
61:50 Great Hall
62:02 Watch Tower
62:04 Watch Tower
62:21 Tauren Totem
62:24 Tauren Totem
63:02 Watch Tower
63:05 Watch Tower
63:28 Orc Burrow
64:01 Watch Tower
64:07 Watch Tower
67:34 Orc Burrow
67:47 Great Hall
68:17 Spirit Lodge
70:09 Spirit Lodge
70:50 Orc Burrow
71:10 Orc Burrow
73:01 Great Hall
73:40 Orc Burrow
74:54 Orc Burrow
75:14 Orc Burrow
» items
| Healing Salve | 4 | |
| Scroll of Town Portal | 8 | |
| Orb of Lightning | 2 | |
| Tiny Great Hall | 3 | |
| Lesser Clarity Potion | 3 | |
| Potion of Mana | 2 | |
| Scroll of Speed | 2 | |
| Potion of Healing | 2 | |
26 total
unrelentless (
green | 27 APM | 200 actions | 07:27)
2 Blademaster
1 Wind Walk
1 Critical Strike
» actions
| Basic commands | 5 | |
| Build / train | 13 | |
| Enter build submenu | 7 | |
| Enter hero's abilities submenu | 2 | |
| Right click | 84 | |
| Select / deselect | 78 | |
| Use ability | 11 | |
200 total
» units
» buildings
| Altar of Storms | 1 | |
| Orc Burrow | 3 | |
| Barracks | 1 | |
| Voodoo Lounge | 1 | |
| Stronghold | 1 | |
| Beastiary | 2 | |
9 total
» build order
00:14 Altar of Storms
00:20 Orc Burrow
00:38 Barracks
01:41 Voodoo Lounge
03:40 Orc Burrow
03:43 Stronghold
04:43 Orc Burrow
06:26 Beastiary
06:26 Beastiary
» items
| Healing Salve | 1 | |
| Lesser Clarity Potion | 1 | |
2 total

»
SirMickJagger (
orange | 8 APM | 604 actions | 76:44)
1 Keeper of the Grove
1 Entangling Roots
» actions
| Assign group hotkey | 6 | |
| Basic commands | 6 | |
| Build / train | 35 | |
| Enter build submenu | 26 | |
| Enter hero's abilities submenu | 1 | |
| Right click | 254 | |
| Select / deselect | 219 | |
| Select group hotkey | 20 | |
| Use ability | 37 | |
604 total
» units
| Wisp | 7 | |
| Wind Rider | 14 | |
| Troll Batrider | 2 | |
| Archer | 2 | |
25 total
» upgrades
| Armor | 2 | |
| Druid of the Talon Training | 1 | |
| Envenomed Spears | 1 | |
4 total
» buildings
| Tree of Life | 7 | |
| Orc Burrow | 2 | |
| Tree of Ages | 1 | |
| Altar of Elders | 2 | |
| Moon Well | 8 | |
| Ancient of War | 1 | |
| Tree of Eternity | 1 | |
| Ancient of Wind | 1 | |
| Beastiary | 1 | |
24 total
» build order
20:41 Tree of Life
25:07 Orc Burrow
28:31 Orc Burrow
29:01 Tree of Life
33:35 Tree of Ages
33:48 Altar of Elders
33:50 Moon Well
33:53 Ancient of War
34:50 Moon Well
35:08 Moon Well
35:46 Moon Well
36:16 Tree of Eternity
36:20 Ancient of Wind
36:33 Moon Well
36:37 Moon Well
37:13 Moon Well
38:37 Beastiary
39:00 Tree of Life
39:17 Tree of Life
39:44 Tree of Life
39:53 Tree of Life
40:07 Moon Well
41:39 Tree of Life
43:27 Altar of Elders
» items
| Scroll of Speed | 1 | |
| Orb of Lightning | 1 | |
2 total
ForgetHer (
blue | 52 APM | 4020 actions | 76:44)
9 Blood Mage
3 Flame Strike
2 Siphon Mana
1 Summon Phoenix
3 Banish
» actions
| Assign group hotkey | 308 | |
| Basic commands | 328 | |
| Build / train | 144 | |
| Enter build submenu | 57 | |
| Enter hero's abilities submenu | 9 | |
| Give item / drop item | 8 | |
| Remove unit from queue | 3 | |
| Right click | 1489 | |
| Select / deselect | 842 | |
| Select group hotkey | 386 | |
| Use ability | 445 | |
4020 total
» units
| Peasant | 16 | |
| Footman | 8 | |
| Sorceress | 4 | |
| Goblin Shredder | 5 | |
| Mortar Team | 3 | |
| Siege Engine | 4 | |
| Gryphon Rider | 2 | |
| Goblin Sapper | 23 | |
65 total
» upgrades
| Lumber Harvesting | 2 | |
| Sorceress Training | 1 | |
| Masonry | 3 | |
| Magic Sentry | 1 | |
| Gunpowder | 3 | |
| Plating | 3 | |
| Barrage | 1 | |
| Animal War Training | 1 | |
| Swords | 3 | |
| Armor | 3 | |
| Storm Hammers | 1 | |
| Cloud | 1 | |
23 total
» buildings
| Altar of Kings | 2 | |
| Barracks | 1 | |
| Farm | 17 | |
| Lumber Mill | 2 | |
| Scout Tower | 36 | |
| Arcane Tower | 3 | |
| Arcane Vault | 1 | |
| Keep | 1 | |
| Town Hall | 2 | |
| Guard Tower | 9 | |
| Arcane Sanctum | 1 | |
| Blacksmith | 2 | |
| Workshop | 3 | |
| Castle | 1 | |
| Gryphon Aviary | 6 | |
87 total
» build order
00:39 Altar of Kings
00:55 Altar of Kings
00:58 Barracks
01:05 Farm
01:10 Farm
01:12 Farm
01:40 Lumber Mill
01:41 Scout Tower
02:20 Arcane Tower
02:20 Arcane Tower
03:00 Farm
03:15 Arcane Vault
04:00 Keep
04:21 Town Hall
04:52 Scout Tower
04:54 Scout Tower
04:55 Scout Tower
05:34 Guard Tower
05:34 Guard Tower
06:46 Guard Tower
06:52 Arcane Sanctum
08:04 Guard Tower
10:17 Lumber Mill
10:21 Blacksmith
10:22 Blacksmith
10:57 Scout Tower
10:58 Scout Tower
10:58 Scout Tower
10:59 Scout Tower
11:01 Scout Tower
11:01 Scout Tower
11:01 Scout Tower
11:01 Scout Tower
11:03 Scout Tower
11:05 Scout Tower
11:05 Scout Tower
11:06 Scout Tower
11:06 Scout Tower
11:41 Workshop
11:42 Workshop
11:43 Workshop
11:47 Guard Tower
11:47 Guard Tower
11:47 Guard Tower
13:04 Farm
13:40 Castle
13:41 Guard Tower
15:00 Farm
15:01 Farm
15:01 Farm
15:01 Farm
15:02 Farm
15:02 Farm
24:08 Gryphon Aviary
24:09 Gryphon Aviary
24:09 Gryphon Aviary
24:09 Gryphon Aviary
24:11 Gryphon Aviary
24:11 Gryphon Aviary
28:19 Scout Tower
28:19 Scout Tower
28:20 Scout Tower
28:20 Scout Tower
28:20 Scout Tower
28:26 Town Hall
28:29 Scout Tower
28:30 Scout Tower
28:30 Scout Tower
28:31 Scout Tower
28:31 Scout Tower
28:33 Scout Tower
28:33 Scout Tower
28:34 Scout Tower
28:34 Scout Tower
28:36 Scout Tower
28:37 Scout Tower
28:37 Scout Tower
28:37 Scout Tower
28:38 Scout Tower
29:08 Guard Tower
29:37 Guard Tower
36:54 Farm
51:27 Farm
51:46 Farm
52:07 Farm
53:21 Farm
» items
| Scroll of Regeneration | 8 | |
| Lesser Clarity Potion | 2 | |
| Potion of Mana | 2 | |
| Potion of Healing | 4 | |
| Scroll of Town Portal | 6 | |
| Healing Salve | 1 | |
| Ankh of Reincarnation | 1 | |
| Health Stone | 1 | |
| Mana Stone | 1 | |
| Red Drake Egg | 1 | |
| Inferno Stone | 1 | |
| Amulet of the Wild | 1 | |
29 total
team 2 (loser)
Renascido (
pink | 16 APM | 771 actions | 46:55)
1 Priestess of the Moon
1 Searing Arrows
» actions
| Assign group hotkey | 1 | |
| Basic commands | 1 | |
| Build / train | 89 | |
| ESC pressed | 2 | |
| Enter build submenu | 71 | |
| Enter hero's abilities submenu | 1 | |
| Right click | 235 | |
| Select / deselect | 277 | |
| Select group hotkey | 20 | |
| Use ability | 74 | |
771 total
» units
» upgrades
| Masonry | 2 | |
| Lumber Harvesting | 1 | |
3 total
» buildings
| Lumber Mill | 1 | |
| Scout Tower | 60 | |
| Guard Tower | 42 | |
| Farm | 3 | |
| Keep | 1 | |
| Altar of Kings | 1 | |
| Castle | 1 | |
| Tree of Life | 1 | |
| Town Hall | 1 | |
111 total
» build order
00:24 Lumber Mill
00:37 Scout Tower
00:54 Scout Tower
01:12 Scout Tower
01:23 Scout Tower
01:27 Guard Tower
01:30 Farm
02:08 Guard Tower
02:10 Guard Tower
02:20 Farm
02:24 Farm
02:30 Guard Tower
02:59 Scout Tower
03:03 Scout Tower
03:06 Scout Tower
03:29 Scout Tower
03:31 Scout Tower
03:33 Scout Tower
03:35 Guard Tower
03:37 Guard Tower
03:39 Guard Tower
04:02 Scout Tower
04:06 Scout Tower
04:09 Scout Tower
04:11 Scout Tower
04:14 Guard Tower
04:33 Guard Tower
04:37 Guard Tower
04:40 Guard Tower
04:42 Scout Tower
04:44 Scout Tower
04:46 Scout Tower
04:48 Guard Tower
04:51 Scout Tower
05:10 Guard Tower
05:13 Scout Tower
05:15 Scout Tower
05:18 Scout Tower
05:21 Scout Tower
05:23 Scout Tower
05:26 Guard Tower
05:45 Guard Tower
05:52 Guard Tower
05:55 Guard Tower
06:11 Guard Tower
06:16 Scout Tower
06:18 Scout Tower
06:20 Scout Tower
06:23 Scout Tower
06:44 Keep
06:58 Guard Tower
07:02 Guard Tower
07:08 Guard Tower
07:18 Guard Tower
07:23 Scout Tower
07:26 Scout Tower
07:28 Scout Tower
07:54 Guard Tower
07:57 Guard Tower
08:01 Guard Tower
08:33 Scout Tower
08:36 Scout Tower
08:37 Scout Tower
09:02 Guard Tower
09:04 Guard Tower
09:06 Guard Tower
09:12 Altar of Kings
09:56 Scout Tower
09:58 Scout Tower
10:00 Scout Tower
10:19 Castle
10:26 Scout Tower
10:28 Scout Tower
10:30 Scout Tower
10:32 Scout Tower
10:34 Scout Tower
10:36 Scout Tower
10:39 Guard Tower
11:09 Guard Tower
11:25 Scout Tower
11:27 Scout Tower
11:30 Scout Tower
11:33 Guard Tower
11:43 Scout Tower
11:45 Scout Tower
11:47 Scout Tower
11:49 Scout Tower
11:51 Scout Tower
11:53 Scout Tower
11:57 Guard Tower
12:21 Guard Tower
12:27 Scout Tower
12:40 Scout Tower
12:52 Scout Tower
13:40 Guard Tower
13:42 Guard Tower
13:58 Guard Tower
14:19 Guard Tower
14:25 Guard Tower
15:00 Scout Tower
15:05 Scout Tower
17:07 Guard Tower
17:29 Guard Tower
18:58 Guard Tower
19:27 Scout Tower
19:29 Scout Tower
19:31 Scout Tower
19:35 Scout Tower
20:11 Guard Tower
20:56 Tree of Life
26:29 Town Hall
SmokeThis (
red | 30 APM | 553 actions | 18:40)
3 Priestess of the Moon
2 Trueshot Aura
1 Searing Arrows
» actions
| Assign group hotkey | 18 | |
| Basic commands | 2 | |
| Build / train | 69 | |
| Enter build submenu | 15 | |
| Enter hero's abilities submenu | 3 | |
| Remove unit from queue | 4 | |
| Right click | 191 | |
| Select / deselect | 217 | |
| Select group hotkey | 6 | |
| Use ability | 28 | |
553 total
» units
| Wisp | 11 | |
| Archer | 17 | |
| Hippogryph | 10 | |
| Druid of the Claw | 3 | |
41 total
» upgrades
| Improved Bows | 1 | |
| Well Spring | 1 | |
| Marksmanship | 1 | |
| Strength of the Moon | 2 | |
| Ultravision | 1 | |
| Moon Armor | 2 | |
| Druid of the Claw Training | 2 | |
| Hippogryph Taming | 1 | |
| Mark of the Claw | 1 | |
| Strength of the Wild | 2 | |
| Reinforced Hides | 2 | |
16 total
» buildings
| Altar of Elders | 1 | |
| Moon Well | 8 | |
| Ancient of War | 1 | |
| Tree of Ages | 2 | |
| Ancient of Wonders | 1 | |
| Tree of Eternity | 1 | |
| Hunter's Hall | 1 | |
| Ancient of Lore | 1 | |
| Ancient of Wind | 1 | |
17 total
» build order
00:19 Altar of Elders
00:33 Moon Well
00:52 Ancient of War
01:42 Moon Well
02:41 Moon Well
02:48 Tree of Ages
02:48 Tree of Ages
03:50 Ancient of Wonders
04:21 Moon Well
05:09 Tree of Eternity
05:37 Hunter's Hall
08:45 Ancient of Lore
09:39 Ancient of Wind
13:36 Moon Well
13:43 Moon Well
14:50 Moon Well
15:57 Moon Well
» items
SlowBoatToChina (
yellow | 73 APM | 5619 actions | 76:43)
10 Blood Mage
3 Flame Strike
3 Banish
1 Summon Phoenix
3 Siphon Mana
» actions
| Assign group hotkey | 99 | |
| Basic commands | 174 | |
| Build / train | 310 | |
| ESC pressed | 9 | |
| Enter build submenu | 71 | |
| Enter hero's abilities submenu | 10 | |
| Give item / drop item | 8 | |
| Remove unit from queue | 1 | |
| Right click | 2755 | |
| Select / deselect | 948 | |
| Select group hotkey | 849 | |
| Use ability | 384 | |
5619 total
» units
| Peasant | 49 | |
| Footman | 19 | |
| Siege Engine | 16 | |
| Knight | 30 | |
| Forest Troll Shadow Priest | 2 | |
| Forest Troll Berserker | 2 | |
| Mud Golem | 2 | |
| Ogre Mauler | 2 | |
| Goblin Zeppelin | 2 | |
| Goblin Sapper | 18 | |
| Goblin Shredder | 4 | |
| Sorceress | 6 | |
| Rifleman | 1 | |
153 total
» upgrades
| Masonry | 3 | |
| Gunpowder | 3 | |
| Plating | 3 | |
| Barrage | 1 | |
| Swords | 4 | |
| Animal War Training | 1 | |
| Lumber Harvesting | 2 | |
| Magic Sentry | 1 | |
| Sorceress Training | 2 | |
| Armor | 3 | |
| Long Rifles | 1 | |
24 total
» buildings
| Altar of Kings | 1 | |
| Barracks | 2 | |
| Farm | 10 | |
| Scout Tower | 46 | |
| Arcane Tower | 4 | |
| Arcane Vault | 2 | |
| Lumber Mill | 4 | |
| Guard Tower | 30 | |
| Keep | 2 | |
| Blacksmith | 1 | |
| Castle | 1 | |
| Workshop | 2 | |
| Town Hall | 1 | |
| Arcane Sanctum | 1 | |
107 total
» build order
00:04 Altar of Kings
00:08 Barracks
00:11 Farm
00:55 Farm
01:55 Farm
02:27 Scout Tower
02:54 Arcane Tower
03:09 Farm
03:29 Farm
03:32 Arcane Vault
04:08 Lumber Mill
04:41 Scout Tower
04:42 Scout Tower
04:44 Scout Tower
04:44 Scout Tower
04:55 Scout Tower
04:57 Scout Tower
05:15 Scout Tower
05:18 Scout Tower
05:20 Scout Tower
05:34 Guard Tower
05:34 Guard Tower
05:35 Guard Tower
05:42 Guard Tower
05:42 Guard Tower
05:54 Guard Tower
05:55 Guard Tower
05:59 Scout Tower
06:00 Scout Tower
06:40 Keep
06:41 Keep
07:36 Guard Tower
07:37 Guard Tower
07:54 Farm
08:39 Farm
08:43 Blacksmith
09:10 Castle
10:08 Workshop
10:09 Workshop
16:01 Town Hall
16:03 Scout Tower
16:04 Scout Tower
16:11 Scout Tower
16:40 Guard Tower
17:25 Guard Tower
18:17 Scout Tower
18:18 Scout Tower
18:50 Guard Tower
18:59 Scout Tower
19:01 Scout Tower
19:04 Scout Tower
19:08 Scout Tower
19:11 Scout Tower
20:31 Guard Tower
21:36 Farm
21:37 Farm
21:55 Scout Tower
21:57 Scout Tower
22:02 Scout Tower
22:05 Scout Tower
22:09 Scout Tower
22:10 Scout Tower
22:21 Scout Tower
22:22 Scout Tower
22:22 Scout Tower
22:24 Scout Tower
22:30 Scout Tower
22:32 Scout Tower
22:34 Scout Tower
22:35 Scout Tower
22:58 Guard Tower
23:03 Guard Tower
23:43 Guard Tower
23:44 Guard Tower
23:56 Guard Tower
24:15 Guard Tower
27:33 Scout Tower
27:37 Scout Tower
27:41 Scout Tower
34:50 Barracks
37:00 Lumber Mill
41:01 Arcane Sanctum
41:05 Scout Tower
41:08 Scout Tower
41:18 Scout Tower
41:23 Scout Tower
41:44 Guard Tower
41:45 Guard Tower
41:46 Guard Tower
41:51 Guard Tower
41:51 Guard Tower
54:01 Arcane Vault
56:59 Scout Tower
57:01 Scout Tower
57:02 Scout Tower
57:15 Farm
57:22 Lumber Mill
60:16 Arcane Tower
67:14 Lumber Mill
» items
| Scroll of Regeneration | 23 | |
| Lesser Clarity Potion | 14 | |
| Mechanical Critter | 2 | |
| Potion of Healing | 17 | |
| Orb of Fire | 2 | |
| Scroll of Town Portal | 12 | |
| Potion of Mana | 7 | |
| Robe of the Magi +6 | 2 | |
79 total
Yodasodamasta08 (
teal | 46 APM | 1339 actions | 29:05)
5 Priestess of the Moon
3 Trueshot Aura
2 Searing Arrows
» actions
| Assign group hotkey | 34 | |
| Build / train | 49 | |
| ESC pressed | 2 | |
| Enter build submenu | 19 | |
| Enter hero's abilities submenu | 5 | |
| Right click | 684 | |
| Select / deselect | 348 | |
| Select group hotkey | 155 | |
| Use ability | 43 | |
1339 total
» units
| Wisp | 11 | |
| Archer | 14 | |
| Hippogryph | 8 | |
33 total
» upgrades
| Strength of the Moon | 3 | |
| Improved Bows | 1 | |
| Hippogryph Taming | 1 | |
| Moon Armor | 1 | |
| Marksmanship | 1 | |
| Ultravision | 1 | |
8 total
» buildings
| Moon Well | 6 | |
| Altar of Elders | 1 | |
| Ancient of War | 2 | |
| Hunter's Hall | 1 | |
| Tree of Ages | 1 | |
| Ancient Protector | 1 | |
| Tree of Eternity | 1 | |
| Ancient of Wind | 2 | |
| Tree of Life | 4 | |
19 total
» build order
00:11 Moon Well
00:13 Altar of Elders
01:00 Ancient of War
01:48 Moon Well
02:10 Ancient of War
02:25 Moon Well
04:01 Hunter's Hall
04:51 Tree of Ages
05:51 Ancient Protector
08:47 Tree of Eternity
09:13 Ancient of Wind
09:19 Ancient of Wind
09:47 Moon Well
10:58 Moon Well
13:52 Moon Well
19:24 Tree of Life
20:40 Tree of Life
24:49 Tree of Life
24:53 Tree of Life
Chat log
(00:32 / Allies) Kbilly: hi team
(00:40 / Allies) ForgetHer: I'll expo if he doesn't return
(02:03 / Allies) Kbilly: all 4?
(02:09 / Allies) Kbilly: oj isn't with us
(02:13 / Allies) ForgetHer: I'm expoing him
(02:23 / Allies) unrelentless: purple lets hit
(02:24 / Allies) unrelentless: up here
(02:33 / Allies) ForgetHer: we need to cc
(02:34 / Allies) Kbilly: ok
(03:24 / Allies) Kbilly: pink is mass towering
(03:49 / Allies) Kbilly: b
(03:52 / Allies) Kbilly: no chance
(05:56 / Allies) Kbilly: mass and hit?
(06:09 / Allies) Kbilly: don't do that green
(06:38 / Allies) Kbilly: all come
(07:25 / All) unrelentless: gg down 1
(07:36 / All) Kbilly: OJ is AFK all game.
(07:38 / All) SlowBoatToChina: not over yet
(07:41 / All) Kbilly: You'll have to finish
(07:58 / All) ForgetHer: what a retard
(08:05 / All) Renascido: lol
(10:15 / Allies) Kbilly: 2 ne top
(11:25 / Allies) Kbilly: hahaaha, pink
(11:57 / All) Kbilly: Pink is my hero
(14:23 / Allies) Kbilly: plan?
(14:31 / Allies) ForgetHer: getting morts and tanks
(14:34 / Allies) Kbilly: nice
(14:35 / Allies) Kbilly: ftw
(16:00 / Allies) Kbilly: green is mass bats
(17:15 / Allies) ForgetHer: making tanks now
(17:24 / Allies) ForgetHer: hold out as long as you can
(17:28 / Allies) ForgetHer: lawl they already lost everything
(18:32 / Allies) SirMickJagger: sorry about that
(19:12 / Allies) Kbilly: can hyou rebuild OJ?
(19:22 / Allies) SirMickJagger: sure, clear this mine
(20:01 / Allies) Kbilly: I'll clear mid for you
(20:09 / Allies) SirMickJagger: want a shop?
(20:12 / Allies) SirMickJagger: blue?
(20:13 / Allies) Kbilly: no
(20:24 / Allies) Kbilly: here oj, is clear for you
(21:06 / Allies) Kbilly: come again yellow
(21:07 / Allies) Kbilly: I'm ready
(22:12 / Allies) Kbilly: let's hit
(22:37 / All) ForgetHer: goodbye your base
(22:52 / All) Yodasodamasta08: yellow and pink built towers the whole game
(22:54 / All) Yodasodamasta08: haha
(22:56 / All) ForgetHer: k
(23:25 / Allies) SirMickJagger: these fools in the middle
(23:31 / All) Renascido: yes
(23:37 / All) SlowBoatToChina: sick bats vs tanks
(23:48 / Allies) Kbilly: didn't see tanks
(25:01 / All) Yodasodamasta08: yellow y u kill teammate?
(25:57 / Allies) SirMickJagger: wanna clear bottom right for me?
(26:05 / Allies) Kbilly: sure
(26:07 / Allies) SirMickJagger: or I could take green
(26:09 / Allies) SirMickJagger: thx
(26:15 / Allies) Kbilly: yes you should take green please
(26:55 / All) Yodasodamasta08: stop u fucker
(27:08 / Allies) Kbilly: go oj
(27:16 / All) SlowBoatToChina: What's wrong, young padawan?
(27:25 / All) SlowBoatToChina: Has Yoda been bested?
(27:37 / All) Yodasodamasta08: no cause ur a noob and killed our team
(28:49 / Allies) SirMickJagger: give 100 gold for hall plz
(29:10 / Allies) SirMickJagger: super sounds of the 70's
(29:15 / Allies) Kbilly: YES!
(29:18 / Allies) SirMickJagger: with a pop-bubble gum classic!
(29:34 / All) SirMickJagger: I love that
(29:43 / All) SirMickJagger: pop-bubble gum classic
(29:49 / All) SlowBoatToChina: When I fought Yoda I was but the learner, and now *I* am the master.
(31:00 / All) SirMickJagger: rofl
(31:04 / All) SirMickJagger: tral
(31:06 / All) SirMickJagger: teal
(31:15 / All) SlowBoatToChina: You can leave now orange, you lost.
(31:25 / All) Renascido: lol
(31:31 / All) Renascido: hes noob
(31:41 / All) Renascido: hes destroying my towers
(31:47 / All) SlowBoatToChina: oh?
(31:56 / All) Renascido: come atack guys fast
(32:04 / All) Renascido: atack this noob
(32:17 / All) Renascido: yelow have 6 k gold
(32:23 / All) Renascido: and have 50/72 units
(32:26 / All) Renascido: noob
(32:44 / All) Renascido: 7k gold
(32:58 / All) Renascido: purp no
(33:05 / All) Renascido: you defeat man
(33:24 / Allies) SirMickJagger: ?
(34:00 / All) Renascido: see yelow
(34:02 / All) Renascido: u lost
(34:04 / All) Renascido: u noob
(34:05 / Allies) SirMickJagger: so I'll go glaives
(34:06 / All) SlowBoatToChina: No, I won
(34:09 / All) SlowBoatToChina: Check my gold banked
(34:13 / All) Renascido: lol
(34:20 / Allies) SirMickJagger: thx
(34:20 / All) Renascido: and hero? units?
(34:30 / All) Renascido: u have nothing
(34:38 / All) Renascido: u crazy our u noob?
(34:40 / All) SlowBoatToChina: Unit? Do they call you by a number and not a name?
(35:09 / All) Renascido: hes go expo mind guys
(35:51 / All) Renascido: purp u alone?
(35:59 / All) Kbilly: Fuck you pknk
(36:05 / All) SlowBoatToChina: PKNK?
(36:08 / All) Renascido: shit
(36:11 / All) Renascido: sorry
(36:12 / All) SlowBoatToChina: I am a player killer and nigger killer
(36:13 / All) Renascido: but
(36:21 / All) Renascido: u lost man
(36:27 / All) Renascido: u are gay
(36:29 / All) SlowBoatToChina: Yeah, I wish they would leave now
(36:30 / All) Renascido: thats is
(36:32 / All) SlowBoatToChina: They are pretty gay
(36:35 / All) SlowBoatToChina: No point in staying
(36:52 / Allies) Kbilly: what units you get oj?
(36:55 / All) Renascido: now blue and green coming
(37:02 / All) Renascido: u lost yelow
(37:20 / All) Renascido: now yelow have 60/72 units
(37:29 / All) Renascido: 7k gold and 90 wood
(37:33 / All) Renascido: lol
(37:45 / All) Renascido: 7000 gold and 122 wood
(37:49 / Allies) ForgetHer: wood
(37:50 / All) Renascido: fucking noob
(38:09 / Allies) SirMickJagger: give supplies for mass chims
(38:14 / All) SlowBoatToChina: There's no need to be upset sir, you played your part miserably well.
(39:07 / All) Renascido: where are blue for help u purp?
(39:15 / All) Renascido: hes noob too?
(39:20 / All) Renascido: and green?
(39:23 / All) SlowBoatToChina: Oh I see
(39:27 / All) SlowBoatToChina: Can you tell me more about that?
(39:30 / All) SlowBoatToChina: Tell me about Shady Sands.
(39:47 / All) SlowBoatToChina: This was my first stab in ages lol, I played awful and I'm not afraid to admit it
(39:56 / All) SlowBoatToChina: On the other hand, this is yet another RT ladder game for you
(39:59 / All) SlowBoatToChina: and you are still awful.
(40:26 / All) SlowBoatToChina: I gave you gold
(40:31 / All) SlowBoatToChina: But where are your peasants buddy?
(40:40 / All) SlowBoatToChina: Gold please, you're useless
(40:44 / All) SlowBoatToChina: Awful, where are you peons man?
(40:49 / All) SlowBoatToChina: You gotta have peons to use gold
(40:56 / Allies) Kbilly: wtf oj?
(41:09 / All) SirMickJagger: turning my wells on for blue
(41:24 / All) ForgetHer: Fuck off you criminal degenerates
(42:23 / All) Renascido: where are blue and green?
(42:28 / Allies) Kbilly: Please do not tk
(42:43 / Allies) Kbilly: OJ I HELPED YOU!
(43:29 / Allies) Kbilly: Why tk me oj?
(43:31 / All) SlowBoatToChina: Where's your expo pal? What happened to it, friend?
(43:48 / All) SlowBoatToChina: Get the fuck out.
(43:49 / All) ForgetHer: You are fugitives of the law
(43:50 / Allies) SirMickJagger: blue
(43:50 / All) Kbilly: We have a TKer now...
(43:53 / All) ForgetHer: I am an agent of the law
(43:59 / All) SlowBoatToChina: Oh really? Well I told you that you lost and could leave
(44:03 / All) SlowBoatToChina: So why didn't you pal/
(44:18 / All) SlowBoatToChina: Nice bladestorm buddy
(44:35 / Allies) Kbilly: OJ, we could have won...
(44:44 / Allies) SirMickJagger: dont look at me
(44:50 / Allies) Kbilly: Why did you kill me?
(44:55 / All) Renascido: purp
(44:59 / Allies) Kbilly: You attacked me.
(45:00 / All) Renascido: u so BAD man
(45:04 / All) SlowBoatToChina: I 1v4ed this and this wasn't even a good day for me in WC3. You can leave now.
(45:13 / All) Kbilly: What can you do? I had to hit. OJ is killing us as fast as he can.
(45:15 / Allies) ForgetHer: Oaky
(45:18 / Allies) ForgetHer: I'll let you live
(45:19 / All) Renascido: dont leave purp please
(45:20 / Allies) ForgetHer: but don't use green
(45:29 / All) Renascido: just lost u time
(45:31 / All) Renascido: :)
(45:31 / All) Kbilly: Now blue is TKING green....
(45:41 / Allies) Kbilly: Who kilkled my expo?
(45:49 / Allies) SirMickJagger: well, not me
(45:54 / All) Renascido: LOL
(46:03 / Allies) ForgetHer: Don't use green, boy
(46:06 / All) Renascido: blue hes noob too
(46:21 / Allies) ForgetHer: I don't have to answer to criminals
(46:24 / Allies) SirMickJagger: blue, gimmie resources
(46:31 / All) ForgetHer: Thoughts criminals are INTERROGATING ME?
(46:42 / All) Renascido: NOOB
(46:45 / All) Renascido: lol
(46:53 / All) ForgetHer: What injustice! You ought to be grinded up into finely grounded powder!
(47:07 / Allies) Kbilly: Do any of you still care about winning?
(47:07 / All) SirMickJagger: leave yellow
(47:11 / All) SlowBoatToChina: They'll get 99 years in the Folsom Den.
(47:12 / All) SirMickJagger: before blue kills us all
(47:14 / All) SlowBoatToChina: Get out, criminals.
(47:19 / All) SirMickJagger: pen
(47:25 / All) SirMickJagger: penitentury
(47:28 / All) SlowBoatToChina: I won this 1v4.
(47:31 / All) SirMickJagger: not den
(47:35 / All) SirMickJagger: like a bear
(47:55 / All) SlowBoatToChina: I'm coming to finish purple.
(47:59 / All) SlowBoatToChina: He is weak, and I am strong.
(48:12 / All) Kbilly: I do not deny it...
(48:16 / Allies) Kbilly: help please blue
(48:23 / All) ForgetHer: You want my help?
(48:29 / All) Kbilly: Yes please help blue
(48:29 / All) ForgetHer: YOu should have thought of that before you broke the law!
(49:33 / Allies) Kbilly: What law did I break?
(49:44 / All) ForgetHer: Don't play stupid
(49:56 / All) Kbilly: I would like to try to win please.
(50:04 / All) SlowBoatToChina: Sorry, I beat you 1v4.
(50:06 / All) SlowBoatToChina: It's over man game over.
(50:08 / All) SlowBoatToChina: Leave now.
(50:10 / All) ForgetHer: I'm not preventing you from trying
(54:17 / Allies) Kbilly: ffs...
(54:21 / Allies) Kbilly: Please blue, mercy
(54:40 / All) ForgetHer: Don't say I don't have a heart
(54:40 / All) SlowBoatToChina: No mercy for the wicked.
(55:35 / Allies) Kbilly: omw to help you
(56:18 / Allies) Kbilly: Are you feeding now?
(56:41 / Allies) ForgetHer: they don't get exp from tower kills
(56:52 / Allies) Kbilly: OK. Are we trying to win now?
(57:02 / Allies) ForgetHer: You aar
(57:03 / Allies) ForgetHer: are
(57:07 / Allies) Kbilly: Are you?
(57:17 / Allies) Kbilly: I would appreciate your help very much please.
(57:31 / Allies) ForgetHer: I'm sure you would
(58:38 / All) Kbilly: MH?
(58:43 / All) SlowBoatToChina: It was doing damage
(58:43 / All) ForgetHer: lawl
(58:44 / All) SlowBoatToChina: and purge
(58:54 / All) ForgetHer: it's easy as hell to tell the real one
(58:55 / All) SlowBoatToChina: worst spell in the agme for a reason
(59:07 / All) Kbilly: Images do purge as well
(59:13 / All) SlowBoatToChina: send the replay to blizzard please
(59:32 / All) ForgetHer: use your pot!
(61:30 / All) ForgetHer: Purple has 10k lumber
(61:35 / Allies) Kbilly: How can I be of assistance to you blue?
(61:38 / All) ForgetHer: is still gathering lumber
(61:39 / All) SlowBoatToChina: lol
(61:52 / Allies) ForgetHer: How can I be of assistance to YOU?
(62:00 / Allies) Kbilly: Please help me to kill yellow
(62:07 / Allies) ForgetHer: Would that be helpful?
(62:11 / Allies) Kbilly: Yes please.
(62:24 / Allies) ForgetHer: Well I don't like to help criminals
(62:34 / Allies) Kbilly: I confess my crimes. Mercy please.
(62:37 / All) SlowBoatToChina: Any expos I should hit, Turncoat?
(62:42 / All) ForgetHer: I'm not a priest, sir
(62:48 / All) ForgetHer: Just a good guy
(62:52 / All) SlowBoatToChina: They say your name is Bobby Lee, if I've got a warrant I'll bring it to ye
(63:21 / Allies) Kbilly: Please blue.
(63:23 / Allies) Kbilly: let's win this
(63:29 / All) ForgetHer: Well
(63:31 / Allies) Kbilly: I am begging.
(63:38 / All) ForgetHer: I guess I could use win so I can get an icon
(63:48 / Allies) Kbilly: good thinking!
(63:56 / All) ForgetHer: After I win this one just 24 to go
(64:04 / All) ForgetHer: Maybe I could get in a clan then
(64:21 / Allies) Kbilly: Help please
(64:27 / All) ForgetHer: Who should I help?
(65:10 / Allies) ForgetHer: you don't need that shreddar
(65:13 / Allies) ForgetHer: waste of 4 food
(65:20 / Allies) ForgetHer: Look how helpful I am
(65:29 / Allies) Kbilly: Please kill yellow with me
(65:33 / Allies) Kbilly: Please don't kill me anymore
(65:46 / All) ForgetHer: am I some sort of genie, do you think?
(66:31 / Allies) ForgetHer: kill the phoenix when it becomes an egg
(66:35 / Allies) ForgetHer: look how helpful I am!
(66:37 / Allies) Kbilly: HELP ME!!!
(66:50 / Allies) ForgetHer: I did help
(66:56 / Allies) ForgetHer: I told you to kill the phoenix when it is an egg
(66:58 / Allies) ForgetHer: that is mighty helpful
(67:12 / Allies) Kbilly: Please help me by killing yellow, not by giving advice.
(67:23 / Allies) ForgetHer: Guess you should have specified sooner
(67:39 / Allies) Kbilly: Come on blue.
(68:49 / Allies) ForgetHer: you don't need that shreddar!
(68:53 / Allies) ForgetHer: use it against tanks at least
(69:29 / Allies) ForgetHer: You there orange?
(69:34 / Allies) ForgetHer: Purple needs aid
(69:38 / Allies) ForgetHer: in his struggle against yellow
(69:50 / Allies) Kbilly: I need your help please blue
(70:13 / Allies) Kbilly: But you refuse...
(70:21 / Allies) ForgetHer: I haven't refused necessarily
(70:25 / Allies) ForgetHer: Just kind of ignoring you for the nonce
(70:26 / Allies) Kbilly: Yes you have
(70:29 / Allies) ForgetHer: I got more pressing matters
(70:46 / Allies) ForgetHer: like scratching my back and finding a comfy position
(71:00 / Allies) Kbilly: Don't be like that please.
(71:06 / Allies) ForgetHer: like what?
(71:13 / Allies) Kbilly: Disregarding.
(71:30 / Allies) ForgetHer: want me to kill someone other than you?
(71:38 / Allies) Kbilly: I would be most grateful
(71:44 / Allies) ForgetHer: Certainly
(71:53 / Allies) ForgetHer: Take that orange!
(71:58 / Allies) Kbilly: And not OJ
(72:00 / Allies) ForgetHer: Too late
(72:35 / All) SirMickJagger: omg
(72:41 / All) SirMickJagger: you're still at it?
(72:53 / All) Kbilly: OJ, don't you dare make fun
(73:03 / All) SirMickJagger: never
(73:21 / All) SirMickJagger: I'm listening to K-Billy's super sounds of the 7-'s right now
(73:37 / All) SirMickJagger: I wish blue let me play so I could have put this game to bed
(74:12 / All) Kbilly: What is up with this game?
(74:36 / All) ForgetHer: whoops
(74:46 / All) Kbilly: Why blue? Why?
(74:53 / All) ForgetHer: Accident, honest
(74:59 / All) Kbilly: You are dishonest.
(75:14 / All) SlowBoatToChina: Why are you trying so hard purple? You lost an hour ago when the game began.
(75:43 / Allies) SirMickJagger: good luck purp
(75:49 / Allies) SirMickJagger: blue
(75:52 / Allies) SirMickJagger: help him
(75:57 / Allies) ForgetHer: Aye
(75:58 / Allies) ForgetHer: I shall
(76:00 / All) SlowBoatToChina: Game over.
(76:05 / Allies) ForgetHer: I'll attack yellow while he leasts expects it!
(76:16 / Allies) SirMickJagger: with gryphs?
(76:17 / Allies) ForgetHer: those are your last buildings!
(76:22 / All) SirMickJagger: blue is a bad cop
(76:32 / All) SlowBoatToChina: He is a good man, better than you.
(76:33 / All) Kbilly: I cannot belive this game.
(76:37 / All) Kbilly: Pink mass towers,
(76:38 / All) SlowBoatToChina: Some might call you one but I'm not sure you qualify.
(76:41 / All) Kbilly: Yellow mass towers,